 Dungeon Crawl Stone Soup version 0.28.0-53-g5a82cb258f (webtiles) character file.

Game seed: 2710698522437592090

6834 DemonSlayer the Thaumaturge (level 10, -2/67 HPs)
             Began as a Demonspawn Fire Elementalist on Aug 6, 2022.
             Was a Follower of Cheibriados.
             Slain by a yak (10 damage)
             ... on level 9 of the Dungeon.
             The game lasted 00:23:53 (11161 turns).

DemonSlayer the Thaumaturge (DsFE)                 Turns: 11161, Time: 00:23:53

Health: -2/67      AC:  7    Str: 13    XL:     10   Next: 77%
Magic:  10/22      EV: 13    Int: 31    God:    Cheibriados [*.....]
Gold:   238        SH:  0    Dex: 16    Spells: 5/26 levels left

rFire   + . .      SeeInvis .   m - +2 hand axe of Reduzuawn {distort, rF+}
rCold   . . .      Faith    .   (no shield)
rNeg    . . .      Spirit   .   z - +0 troll leather armour
rPois   .          Reflect  .   n - +0 helmet
rElec   .          Harm     .   C - +0 cloak
rCorr   .          Rampage  .   e - +0 pair of gloves
Will    .....                   (no boots)
Stlth   +++.......              (no amulet)
HPRegen 1.01/turn               a - +6 ring of intelligence
MPRegen 0.18/turn               (no ring)

@: very slightly contaminated, very slow
A: hooves 1, spiny 3, big brain 1, demonic magic 1
a: Renounce Religion, Bend Time


You were on level 9 of the Dungeon.
You worshipped Cheibriados.
Cheibriados was aware of your devotion.
You visited 2 branches of the dungeon, and saw 10 of its levels.
You also visited: Ossuary.

You collected 414 gold pieces.
You spent 176 gold pieces at shops.

Inventory:

Hand Weapons
 m - the +2 hand axe of Reduzuawn (weapon) {distort, rF+}
   (You found it on level 2 of the Dungeon)

   It warps and distorts space around it, and may blink, banish, or inflict
   extra damage upon those it strikes.
   Unwielding it can cause banishment or high damage.
   rF:        It protects you from fire.
 w - a +2 dagger of venom
Armour
 e - a +0 pair of gloves (worn)
 n - a +0 helmet (worn)
 z - a +0 troll leather armour (worn)
 C - a +0 cloak (worn)
Jewellery
 a - a +6 ring of intelligence (left hand)
Wands
 j - a wand of polymorph (9)
 B - a wand of digging (7)
 D - a wand of iceblast (8)
 H - a wand of flame (23)
Scrolls
 c - a scroll of blinking {unknown}
 d - 3 scrolls of magic mapping {unknown}
 f - a scroll of acquirement {unknown}
 g - 3 scrolls of immolation {unknown}
 h - 3 scrolls of noise {unknown}
 k - 4 scrolls of fog {unknown}
 l - 4 scrolls of amnesia {unknown}
 p - 2 scrolls of brand weapon
 t - 2 scrolls of vulnerability {unknown}
 x - 2 scrolls of fear {unknown}
 y - 2 scrolls of enchant armour {unknown}
 E - a scroll of teleportation {unknown}
 F - 2 scrolls of enchant weapon {unknown}
 I - a scroll of summoning {unknown}
Potions
 b - 3 potions of berserk rage
 i - a potion of resistance
 o - 3 potions of might
 q - 3 potions of heal wounds
 r - 4 potions of curing
 s - a potion of lignification
 u - 3 potions of attraction
 v - 2 potions of flight
 A - a potion of mutation
 G - 2 potions of ambrosia {unknown}


   Skills:
 + Level 2.2 Fighting
 + Level 0.3 Short Blades
 + Level 3.3 Axes
 + Level 2.6 Armour
 + Level 3.6 Dodging
 + Level 6.9 Stealth
 + Level 8.7 Spellcasting
 + Level 5.3 Conjurations
 + Level 7.9 Fire Magic
 + Level 2.0 Earth Magic


You had 5 spell levels left.
You knew the following spells:

 Your Spells              Type           Power      Damage    Failure   Level
a - Foxfire               Conj/Fire      100%       2x1d9     1%          1
b - Scorch                Fire           100%       2d10      1%          2
c - Conjure Flame         Conj/Fire      53%        6-21      1%          3
d - Flame Wave            Conj/Fire      53%        2d11      3%          4
e - Stone Arrow           Conj/Erth      72%        3d11      3%          3
f - Lehudib's Crystal Sp  Conj/Erth      18%        10d5      100%        8

Your spell library contained the following spells:

 Spells                   Type           Power      Damage    Failure   Level
 Inner Flame              Hex/Fire       38%        N/A       2%          3
 Slow                     Hex            52%        N/A       4%          1
 Confusing Touch          Hex            13%        N/A       14%         3
 Ozocubu's Armour         Ice            13%        N/A       14%         3
 Vampiric Draining        Necr           13%        2d6       14%         3
 Animate Armour           Summ/Erth      38%        N/A       30%         4
 Metabolic Englaciation   Hex/Ice        6%         N/A       78%         5
 Simulacrum               Ice/Necr       6%         N/A       100%        6


Dungeon Overview and Level Annotations

Branches:
Dungeon (9/15)             Temple (1/1) D:5            Lair (0/6) D:8
Ossuary (visited)
    Orc: D:9-12

Altars:
Ashenzari
Cheibriados
Dithmenos
Elyvilon
Fedhas
Gozag
Hepliaklqana
Kikubaaqudgha
Makhleb
Nemelex Xobeh
Okawaru
Qazlal
Ru
Sif Muna
Trog
Uskayaw
Vehumet
Wu Jian
Yredelemnul
Zin
The Shining One

Shops:
D:8 !


Innate Abilities, Weirdness & Mutations

You have large cloven feet.
You are completely covered in sharp spines.
You have an unusually large brain. (Int +2)
Spells you cast may paralyse adjacent enemies.


Message History

The yak gores you but does no damage. The yak gores you!
The yak closely misses you.
You hit the yak. You kick the yak, but do no damage.
The yak is severely wounded.
You closely miss the yak. x2; The yak gores you!
The yak closely misses you. The yak gores you but does no damage.
You hit the yak. Your kick misses the yak.
The yak is severely wounded.
You completely miss the yak. You hit the yak but do no damage.
Space warps around the yak.
The yak blinks!
The yak misses you. The yak is struck by your spines. The yak gores you!
You hit the yak.
Space warps around the yak.
The yak is heavily wounded.
You hit the yak.
Space warps around the yak.
The yak completely misses you. The yak gores you!
* * * LOW HITPOINT WARNING * * *
Unknown command.
You feel much better. The yak is struck by your spines.
The yak closely misses you. The yak is struck by your spines.
The yak gores you! x2
You closely miss the yak. Your kick misses the yak.
The yak is severely wounded.
You hit the yak but do no damage. You hit the yak.
Space warps horribly around the yak!
You kill the yak!
Cheibriados appreciates the change of pace.
The yak gores you!
* * * LOW HITPOINT WARNING * * *
The yak gores you.
* * * LOW HITPOINT WARNING * * *
Your Earth Magic skill increases to level 2!
You hit the yak but do no damage. Your kick misses the yak.
The yak is severely wounded.
You hit the yak.
Space warps around the yak.
You kill the yak!
Cheibriados thoroughly appreciates the change of pace.
The yak is struck by your spines. The yak gores you.
* * * LOW HITPOINT WARNING * * *
The yak gores you!
You die...

.... #... ... #...#
#.. #...# #########
..##...# ........#
#......# ........#
#......# ...###.#
#####....#
...#(#.###......Y.#
...###.......###@)#
........######
##...# ......###
#...# ..)..## ....#
....## ..... ...##
...## ..## ..# ###
.##


You could see a yak.

Vanquished Creatures
  Pikel (D:7)
  A kobold demonologist (D:9)
  A troll (D:5)
  2 hornets
  A vampire (D:9)
  10 yaks
  A steam dragon (D:8)
  Menkaure (Ossuary)
  2 water moccasins
  Duvessa (D:5)
  3 orc warriors
  2 sky beasts (D:7)
  2 black bears
  2 ogres
  An ice beast (D:5)
  2 necrophages
  A lemure (D:7)
  3 centaurs
  A phantom (D:4)
  6 bullfrogs
  3 scorpions
  A wyvern skeleton (D:7)
  A water moccasin zombie (D:5)
  Dowan (D:5)
  5 killer bees (D:8)
  3 centaur skeletons
  A centaur zombie (D:7)
  6 hounds
  3 orc priests
  A gnoll shaman (D:6)
  2 iguanas
  4 orc wizards
  A hound skeleton (D:4)
  3 mummies (Ossuary)
  A howler monkey skeleton (D:5)
  13 gnolls
  14 adders
  A shadow imp (D:5)
  A white imp (D:6)
  2 ufetubi
  A worm (D:4)
  4 dart slugs
  26 orcs
  8 endoplasms
  4 giant cockroaches
  3 goblins
  4 hobgoblins
  A jackal (D:2)
  8 kobolds
  7 quokkas
  10 ball pythons
  3 bats
  8 frilled lizards
  5 gnoll skeletons (Ossuary)
  A gnoll zombie (Ossuary)
  7 goblin skeletons (Ossuary)
  6 goblin zombies
  A hobgoblin skeleton (Ossuary)
  4 hobgoblin zombies (Ossuary)
  3 kobold skeletons (Ossuary)
  A kobold zombie (Ossuary)
  8 orc skeletons (Ossuary)
  9 orc zombies (Ossuary)
  9 rats
  A rat skeleton (Ossuary)
  6 rat zombies (Ossuary)
259 creatures vanquished.

Vanquished Creatures (collateral kills)
  3 foxfires (D:5)
3 creatures vanquished.

Vanquished Creatures (others)
  A wizard (D:3)
  356 foxfires
  6 fungi (D:5)
363 creatures vanquished.

Grand Total: 625 creatures vanquished

Notes
Turn   | Place    | Note
-------+----------+-------------------------------------------
     0 | D:1      | DemonSlayer the Demonspawn Fire Elementalist began the
                  | quest for the Orb.
     0 | D:1      | Reached XP level 1. HP: 13/13 MP: 3/3
   343 | D:1      | Gained mutation: You are partially covered in sharp spines.
                  | [demonic ancestry]
   343 | D:1      | Reached XP level 2. HP: 19/19 MP: 0/5
   743 | D:1      | Learned a level 2 spell: Scorch
  1014 | D:1      | Found a faded altar of an unknown god.
  1080 | D:1      | Reached XP level 3. HP: 24/24 MP: 6/6
  1086 | D:1      | Learned a level 3 spell: Conjure Flame
  1669 | D:2      | Identified the +2 hand axe of Reduzuawn {distort, rF+}
  1770 | D:2      | Gained mutation: You are mostly covered in sharp spines.
                  | [demonic ancestry]
  1770 | D:2      | Reached XP level 4. HP: 30/30 MP: 5/8
  1937 | D:2      | Found an ornate altar of the Wu Jian Council.
  2374 | D:3      | Reached skill level 3 in Spellcasting
  2427 | D:3      | Gained mutation: You have an unusually large brain. (Int
                  | +2) [demonic ancestry]
  2427 | D:3      | Reached XP level 5. HP: 30/35 MP: 5/9
  2725 | D:3      | You fall into a shaft and drop 1 floor!
  2742 | D:4      | Gained mutation: Spells you cast may paralyse adjacent
                  | enemies. [demonic ancestry]
  2742 | D:4      | Reached XP level 6. HP: 42/42 MP: 11/11
  2787 | D:4      | Found a sparkling altar of Nemelex Xobeh.
  2895 | D:4      | Reached skill level 4 in Spellcasting
  2928 | D:4      | Found a sand-covered staircase.
  2979 | Ossuary  | Entered an ossuary
  3283 | Ossuary  | Reached skill level 1 in Axes
  3474 | Ossuary  | Noticed Menkaure
  3481 | Ossuary  | Killed Menkaure
  3482 | Ossuary  | Reached XP level 7. HP: 25/47 MP: 13/13
  4333 | D:4      | Reached skill level 1 in Fighting
  4581 | D:4      | Found an opulent altar of Gozag.
  4695 | D:4      | Found a radiant altar of Vehumet.
  5269 | D:3      | Found a bloodstained altar of Trog.
  5274 | D:3      | Noticed a wizard
  5278 | D:3      | Killed a wizard
  5518 | D:3      | Learned a level 4 spell: Flame Wave
  5544 | D:5      | Entered Level 5 of the Dungeon
  5736 | D:5      | Reached XP level 8. HP: 36/54 MP: 5/15
  5900 | D:5      | Reached skill level 5 in Fire Magic
  6042 | D:5      | Reached skill level 5 in Spellcasting
  6155 | D:5      | Noticed Duvessa
  6340 | D:5      | Noticed a hornet
  6357 | D:5      | Reached skill level 6 in Spellcasting
  7257 | D:6      | Gained mutation: You have large cloven feet. [demonic
                  | ancestry]
  7257 | D:6      | Reached XP level 9. HP: 59/59 MP: 18/18
  7291 | D:6      | Found an ornate altar of the Wu Jian Council.
  7637 | D:6      | Found an iron altar of Okawaru.
  7650 | D:6      | Identified the +3 robe of Gallantry {rN+++ Str-3 Slay-2
                  | SInv}
  7663 | D:6      | Reached skill level 5 in Stealth
  7825 | D:6      | Learned a level 3 spell: Stone Arrow
  7834 | D:6      | Learned a level 8 spell: Lehudib's Crystal Spear
  7867 | D:5      | Noticed a troll
  7873 | D:5      | Killed a troll
  8019 | D:5      | Reached skill level 7 in Spellcasting
  8107 | D:5      | Found a blossoming altar of Fedhas.
  8223 | D:5      | Noticed Dowan
  8228 | D:5      | Killed Duvessa
  8230 | D:5      | Killed Dowan
  8401 | D:5      | Found a sacrificial altar of Ru.
  8432 | D:5      | Found a staircase to the Ecumenical Temple.
  8721 | Temple   | Entered the Ecumenical Temple
  8728 | Temple   | Became a worshipper of Cheibriados the Contemplative
  8895 | D:7      | Reached skill level 1 in Armour
  8941 | D:7      | Reached skill level 1 in Earth Magic
  9249 | D:7      | Gained mutation: You are completely covered in sharp
                  | spines. [demonic ancestry]
  9249 | D:7      | Reached XP level 10. HP: 67/67 MP: 12/21
  9427 | D:7      | Noticed Pikel
  9463 | D:7      | Killed Pikel
  9786 | D:8      | Found Xemio's Distillery.
  9790 | D:8      | Bought a potion of curing for 33 gold pieces
  9790 | D:8      | Bought a potion of heal wounds for 55 gold pieces
  9790 | D:8      | Bought a potion of heal wounds for 55 gold pieces
  9790 | D:8      | Bought a potion of curing for 33 gold pieces
 10068 | D:8      | Reached skill level 8 in Spellcasting
 10170 | D:8      | Reached * piety under Cheibriados
 10458 | D:8      | Found a staircase to the Lair.
 10836 | D:9      | Paralysed by a hornet for 1 turns
 10840 | D:9      | Reached skill level 5 in Conjurations
 11161 | D:9      | Slain by a yak

Illustrated notes

Levels and vault maps discovered:
D:1:      minmay_arrival_open_corners, layout_basic,
          hellmonk_ecumenical_altar_crossroads, minmay_vboxes
D:2:      minmay_wonky_spiral, layout_basic, serial_curves, eino_curves_03,
          eino_curves_04, basic_altar, minmay_misc_feat_cross
D:3:      layout_loops_ring, trog_wizard, chequers_serial_rivers_marsh
D:4:      layout_layer_cave, fiery_altar_vehumet, grunt_gozag_breadcrumbs,
          nemelex_spade_bored_becter, enter_ossuary_4,
          minmay_misc_feat_more_columns, minivault_14, kennysheep_potato
D:5:      layout_basic, hangedman_ru_absence, mainiacjoe_overflow_boulevard,
          minmay_temple_entry_antechambers, uniq_duvessa
D:6:      layout_loops_cross, okawaru_ov_weapons_minmay, marbit_many_paths
D:7:      layout_rooms, uniq_pikel
D:8:      layout_basic, lair_entry_dummy, serial_shops, shop, serial_curves,
          eino_curves_01, eino_curves_02
D:9:      layout_cave_pods, serial_shops, nicolae_shop_statue_plus,
          item_on_display_a
Temple:   cyrus_circular_temple

Skill      XL: |  1  2  3  4  5  6  7  8  9 10 |
---------------+-------------------------------+-----
Fire Magic     | 3 4 6 7 |  7.9
Stealth        | 2 3 4 6 |  6.9
Spellcasting   | 3 4 6 7 8 |  8.7
Dodging        | 2 3 |  3.6
Conjurations   | 2 3 4 5 |  5.3
Axes           | 1 2 3 |  3.3
Fighting       | 1 2 |  2.2
Armour         | 1 2 |  2.6
Earth Magic    | 1 2 |  2.0
Short Blades   | |  0.3

Action                   |  1- 3 |  4- 6 |  7- 9 | 10-12 || total
-------------------------+-------+-------+-------+-------++-------
Melee: Dagger            |    41 |       |       |       ||    41
       Unarmed           |     1 |       |       |       ||     1
       Punch             |     1 |     1 |       |       ||     2
       Hand axe          |     3 |    73 |    74 |    34 ||   184
       Kick              |       |       |     4 |    13 ||    17
 Cast: Foxfire           |    67 |    45 |    80 |    21 ||   213
       Scorch            |       |    14 |    54 |    29 ||    97
       Conjure Flame     |       |       |     2 |     2 ||     4
       Stone Arrow       |       |       |    20 |    24 ||    44
  Use: Potion            |       |     3 |       |     2 ||     5
       Scroll            |       |       |     7 |     1 ||     8
 Stab: Sleeping          |     6 |     3 |     7 |     2 ||    18
       Distracted        |     1 |     1 |     1 |       ||     3
       Paralysed         |       |    10 |    24 |    14 ||    48
Armor: Robe              |     7 |    13 |    18 |       ||    38
       Troll leather arm |       |       |     9 |    13 ||    22
Dodge: Dodged            |    24 |    37 |    37 |    40 ||   138
